 Dungeon Crawl Stone Soup version 0.27-a0-1281-ge233d83751 (console) character file.

Game seed: 13050928818979317495

29402 Hector the Thaumaturge (level 13, -7/99 HPs)
             Began as a Djinni Abyssal Knight on June 14, 2021.
             Was the Champion of Lugonu.
             Mangled by a catoblepas (11 damage)
             ... on level 5 of the Lair of Beasts on June 15, 2021.
             The game lasted 01:26:52 (22971 turns).

Hector the Thaumaturge (Djinni Abyssal Knight)     Turns: 22971, Time: 01:26:57

Health: -7/99      AC: 11    Str: 11    XL:     13   Next: 80%
Gold:   850        EV: 13    Int: 19    God:    Lugonu [******] SH:  0 Dex: 15

rFire    + . .     SeeInvis .   a - +2 falchion (protect)
rCold    . . .     Faith    .   (no shield)
rNeg     . . .     Spirit   .   G - +0 acid dragon scales
rPois    ∞         Reflect  .   l - +1 helmet
rElec    +         Harm     .   e - +0 cloak
rCorr    +         Rampage  .   (no gloves)
Will     +....                  (boots unavailable)
Stlth    +.........             o - amulet of the acrobat
HPRegen  0.26/turn              j - ring of resist corrosion
MPRegen  0.00/turn              c - ring "Cagaaj" {Fly rElec rF- rC+ Dex+2}

@: flying
A: sickness immunity, fire resistance 2, cold vulnerability 1, float, innate
caster, hp casting, extra vitality 1
a: Renounce Religion, Depart the Abyss, Bend Space, Banish, Corrupt, Enter the
Abyss, Brand Weapon With Distortion


You were on level 5 of the Lair of Beasts.
You worshipped Lugonu.
Lugonu was exalted by your worship.
You visited 2 branches of the dungeon, and saw 14 of its levels.
You visited the Abyss 1 time.

You collected 850 gold pieces.

Inventory:

Hand Weapons
 a - a +2 falchion of protection (weapon)
 b - a +2 spear of venom
 K - a +2 short sword of venom
Missiles
 h - 59 poisoned darts
 n - a throwing net
 s - 3 boomerangs
 z - 15 javelins
 D - 8 curare-tipped darts
 P - 5 boomerangs of dispersal
Armour
 e - a +0 cloak (worn)
 l - a +1 helmet (worn)
 r - the +1 scale mail of Inquiry {rCorr}
   (You found it on level 3 of the Lair of Beasts)

   It protects you from acid and corrosion.
 t - a +2 ring mail of fire resistance
 G - +0 acid dragon scales (worn)
Jewellery
 c - the ring "Cagaaj" (right hand) {Fly rElec rF- rC+ Dex+2}
   (You acquired it on level 1 of the Lair of Beasts)

   [ring of protection from cold]

   It affects your dexterity (+2).
   It makes you vulnerable to fire.
   It protects you from cold.
   It insulates you from electricity.
   It grants you flight.
 j - a ring of resist corrosion (left hand)
 o - an amulet of the acrobat (around neck)
Wands
 d - a wand of digging (14)
 A - a wand of acid (3)
 B - a wand of iceblast (24)
 L - a wand of charming (11)
Scrolls
 g - 3 scrolls of noise
 i - 7 scrolls of teleportation
 k - a scroll of brand weapon {unknown}
 m - a scroll of holy word
 p - 3 scrolls of enchant armour
 q - a scroll of fog {unknown}
 v - 2 scrolls of fear
 F - 2 scrolls of blinking
 O - 4 scrolls of identify
Potions
 f - 2 potions of might
 u - 4 potions of curing
 w - a potion of heal wounds
 C - 2 potions of lignification
 E - 3 potions of ambrosia
 J - a potion of brilliance
Miscellaneous
 x - a phial of floods
 y - a tin of tremorstones (2/2)


   Skills:
 * Level 11.0 Fighting
 - Level 2.3 Long Blades
 + Level 6.4 Armour
 + Level 5.8 Dodging
 - Level 12.0 Spellcasting
 - Level 10.0 Invocations


You had 18 spell levels left.
You knew the following spells:

 Your Spells              Type           Power      Damage    Failure   Level
a - Shock                 Conj/Air       100%       1d9       1%          1
b - Fireball              Conj/Fire      27%        3d12      1%          5
c - Freezing Cloud        Conj/Ice/Air   27%        6-21      1%          5
z - Searing Ray           Conj           100%       3d7       1%          2
P - Passwall              Tmut/Erth      45%        N/A       1%          2
S - Spider Form           Tmut/Pois      27%        N/A       1%          3
Your spell library was empty.

Dungeon Overview and Level Annotations

Branches:
Dungeon (9/15)             Temple (0/1) D:4            Lair (5/6) D:8
 Shoals (0/4) Lair:2        Snake (0/4) Lair:2
  Slime: Lair:5-6       Orc: D:9-12

Altars:
Fedhas
Gozag
Okawaru
Qazlal
Zin

Annotations:
D:6 exclusion: oklob plant


Innate Abilities, Weirdness & Mutations

You are immune to sickness and miasma.
You are immune to poison.
Your flesh is very heat resistant. (rF++)
You are vulnerable to cold. (rC-)
You float through the air rather than walking.
You learn spells naturally, not from books.
Your magical power is your life essence.
You have superior vitality. (+4 HP)


Message History

Press: ? - help, Shift-Dir - straight line, f/p - catoblepas
Aim: a catoblepas (calcifying dust, moderately wounded)
The fireball explodes!
The fireball engulfs the catoblepas!!
The catoblepas is severely wounded.
You hear an angry hiss.
Casting: Fireball (dangerous; 1% risk of failure)
Confirm with . or Enter, or press ? or * to list all spells.
Aiming: Fireball (dangerous; 1% risk of failure)
Press: ? - help, Shift-Dir - straight line, f/p - catoblepas
Aim: a catoblepas (severely wounded)
The fireball explodes!
The fireball engulfs the catoblepas!
The catoblepas is severely wounded.
A water moccasin comes into view.
Unknown command.
Casting: Fireball (dangerous; 1% risk of failure)
Confirm with . or Enter, or press ? or * to list all spells.
Aiming: Fireball (dangerous; 1% risk of failure)
Press: ? - help, Shift-Dir - straight line, p - catoblepas The fireball explodes!
The fireball engulfs the catoblepas.
The catoblepas is almost dead.
The catoblepas gores you!!
Unknown command.
Casting: Fireball (dangerous; 1% risk of failure)
Confirm with . or Enter, or press ? or * to list all spells.
Aiming: Fireball (dangerous; 1% risk of failure)
Press: ? - help, Shift-Dir - straight line The fireball explodes!
The fireball engulfs the catoblepas but does no damage.
The catoblepas is almost dead.
The catoblepas gores you!!
* * * LOW HITPOINT WARNING * * *
Casting: Fireball (dangerous; 1% risk of failure)
Confirm with . or Enter, or press ? or * to list all spells.
Aiming: Fireball (dangerous; 1% risk of failure)
Press: ? - help, Shift-Dir - straight line The fireball explodes!
The fireball engulfs the catoblepas.
The catoblepas is almost dead.
* * * LOW HITPOINT WARNING * * *
The catoblepas gores you!
You die...

.P.......b..
............
#...........
...........
###..S.......
..........#
#...[....#
#..Y..P..#
#.<@.##..#
##....#
#....#...#
##...##P.#
#...## ..#
#...# ..#
#...### .#
#.....# .#
##...##


You could see a catoblepas and a water moccasin.

Vanquished Creatures
  3 hydras
  2 two-headed ogres
  Sonja (Lair:2)
  An oklob plant (Lair:2)
  Maurice (D:8)
  7 elephants (Lair:5)
  10 cane toads
  5 rime drakes
  Maggie (D:6)
  2 komodo dragons
  A troll (D:9)
  A polar bear (Lair:1)
  2 merfolk (Lair:2)
  6 blink frogs (Lair:4)
  A hornet (D:9)
  6 dream sheep (Lair:5)
  3 wyverns
  15 yaks
  A steam dragon (D:9)
  A basilisk (Lair:2)
  3 nagas (Lair:2)
  13 water moccasins
  2 black bears
  2 orc warriors
  2 necrophages (D:6)
  4 ogres
  2 centaurs (D:9)
  15 wolves
  2 phantoms
  Blork the orc (D:6)
  4 kobold brigands
  6 bullfrogs
  A scorpion (D:5)
  A wyvern zombie (D:8)
  3 killer bees (D:5)
  8 wights
  2 centaur zombies
  2 bullfrog zombies
  8 jellies
  5 hounds
  2 bullfrog skeletons
  3 orc priests
  A gnoll shaman (D:7)
  3 iguanas
  9 hell rats
  13 orc wizards
  A hound skeleton (D:4)
  12 gnolls
  13 adders
  A shadow imp (D:7)
  2 white imps
  An ufetubus (D:5)
  2 worms (D:3)
  2 dart slugs
  30 orcs
  4 bats
  22 endoplasms
  3 giant cockroaches
  12 goblins
  10 hobgoblins
  11 jackals
  35 kobolds
  5 quokkas
  10 ball pythons
  5 frilled lizards
  6 rats
374 creatures vanquished.

Vanquished Creatures (others)
  26 fungi
  39 plants
65 creatures vanquished.

Grand Total: 439 creatures vanquished

Notes
Turn   | Place    | Note
-------+----------+-------------------------------------------
     0 | Abyss:1  | Hector the Djinni Abyssal Knight began the quest for the
                  | Orb.
     0 | Abyss:1  | Reached XP level 1. HP: 20/20 MP: 0/0
    22 | Abyss:1  | Noticed a kobold demonologist
    31 | Abyss:1  | Noticed a small abomination
    34 | D:1      | Escaped the Abyss
    61 | D:1      | Found a faded altar of an unknown god.
    92 | D:1      | Reached * piety under Lugonu
    97 | D:1      | Reached XP level 2. HP: 22/25 MP: 0/0
   573 | D:1      | Reached XP level 3. HP: 30/30 MP: 0/0
   573 | D:1      | Learned a level 1 spell: Shock
  2193 | D:2      | Reached skill level 1 in Spellcasting
  2193 | D:2      | Reached XP level 4. HP: 26/37 MP: 0/0
  2326 | D:2      | Reached ** piety under Lugonu
  2479 | D:2      | Found a glowing silver altar of Zin.
  2949 | D:2      | Reached XP level 5. HP: 12/41 MP: 0/0
  2949 | D:2      | Learned a level 2 spell: Searing Ray
  3186 | D:2      | Reached skill level 2 in Spellcasting
  4819 | D:3      | Reached skill level 3 in Spellcasting
  4819 | D:3      | Reached XP level 6. HP: 29/47 MP: 0/0
  5040 | D:3      | Found a glowing silver altar of Zin.
  5481 | D:3      | Reached *** piety under Lugonu
  5992 | D:4      | Noticed a black bear
  5997 | D:4      | Killed a black bear
  5998 | D:4      | Reached skill level 4 in Spellcasting
  5998 | D:4      | Reached XP level 7. HP: 41/52 MP: 0/0
  5998 | D:4      | Learned a level 2 spell: Passwall
  6629 | D:4      | Reached **** piety under Lugonu
  6918 | D:4      | Reached skill level 5 in Spellcasting
  6984 | D:4      | Found a staircase to the Ecumenical Temple.
  7126 | D:5      | Entered Level 5 of the Dungeon
  7291 | D:5      | Reached XP level 8. HP: 55/58 MP: 0/0
  8341 | D:5      | Found a blossoming altar of Fedhas.
  8440 | D:5      | Reached skill level 6 in Spellcasting
  8959 | D:6      | Noticed Maggie
  9162 | D:6      | Reached XP level 9. HP: 51/64 MP: 0/0
  9162 | D:6      | Learned a level 3 spell: Spider Form
  9295 | D:6      | Reached skill level 7 in Spellcasting
  9346 | D:6      | Reached skill level 5 in Fighting
  9748 | D:6      | Noticed an oklob plant
  9911 | D:6      | Noticed Blork the orc
  9918 | D:6      | Killed Blork the orc
  9947 | D:6      | Reached ***** piety under Lugonu
 10747 | D:6      | Killed Maggie
 10748 | D:6      | Reached skill level 8 in Spellcasting
 11360 | D:6      | Reached XP level 10. HP: 59/72 MP: 0/0
 11828 | D:7      | Noticed a two-headed ogre
 11845 | D:7      | Killed a two-headed ogre
 11846 | D:7      | Reached skill level 9 in Spellcasting
 11846 | D:7      | Reached skill level 5 in Invocations
 12620 | D:7      | Reached skill level 5 in Dodging
 12620 | D:7      | Reached XP level 11. HP: 82/82 MP: 0/0
 12620 | D:7      | Learned a level 5 spell: Fireball
 12943 | D:8      | Found a staircase to the Lair.
 13011 | D:8      | Noticed Maurice
 13015 | D:8      | Killed Maurice
 14069 | D:8      | Found an iron altar of Okawaru.
 14474 | D:9      | Noticed a two-headed ogre
 14480 | D:9      | Killed a two-headed ogre
 15191 | D:9      | Reached skill level 10 in Spellcasting
 15289 | D:9      | Found an opulent altar of Gozag.
 15438 | D:9      | Found a stormy altar of Qazlal.
 15812 | Lair:1   | Entered Level 1 of the Lair of Beasts
 15827 | Lair:1   | Reached XP level 12. HP: 76/89 MP: 0/0
 16230 | Lair:1   | Identified a scroll of acquirement
 17120 | Lair:2   | Noticed Sonja
 17345 | Lair:2   | Noticed a four-headed hydra
 17348 | Lair:2   | Killed Sonja
 17353 | Lair:2   | Killed a four-headed hydra
 18196 | Lair:2   | Found a staircase to the Snake Pit.
 18252 | Lair:2   | Reached ****** piety under Lugonu
 18273 | Lair:2   | Reached skill level 5 in Armour
 18411 | Lair:2   | Reached skill level 11 in Spellcasting
 18672 | Lair:2   | Noticed an eight-headed hydra
 18676 | Lair:2   | Killed an eight-headed hydra
 18855 | Lair:2   | Found a staircase to the Shoals.
 19192 | Lair:3   | Reached XP level 13. HP: 74/96 MP: 0/0
 19192 | Lair:3   | Learned a level 5 spell: Freezing Cloud
 19340 | Lair:3   | Identified the +1 scale mail of Inquiry {rCorr}
 19486 | Lair:3   | Reached skill level 10 in Fighting
 20213 | Lair:3   | Acquired the ring "Cagaaj" {Fly rElec rF- rC+ Dex+2}
 20720 | Lair:4   | Noticed a five-headed hydra
 20727 | Lair:4   | Killed a five-headed hydra
 21777 | Lair:5   | Reached skill level 12 in Spellcasting
 22320 | Lair:5   | Reached skill level 10 in Invocations
 22463 | Lair:5   | Noticed a catoblepas
 22971 | Lair:5   | Mangled by a catoblepas

Illustrated notes

Levels and vault maps discovered:
D:1:      beargit_arrival_greenhouse, layout_basic,
          hellmonk_ecumenical_altar_blasted, hangedman_feature_mirror
D:2:      layout_basic, basic_altar
D:3:      minmay_razor_zed, layout_loops_ring, lemuel_doored_altar
D:4:      minmay_octagon_keep, layout_cave_pools, minmay_temple_entry_offerings
D:5:      cheibrodos_thug_alley, layout_loops_corners, lemuel_tele_altar,
          st_stairs_3
D:6:      lemuel_slime, layout_basic, uniq_maggie, uniq_blork_the_orc
D:7:      layout_basic
D:8:      layout_basic, okawaru_trees_1, lair_entry_dummy,
          minmay_misc_feat_rows, roderic_roman_lattice, uniq_maurice
D:9:      layout_small_grid, nicolae_qazlal_style_of_elements,
          kennysheep_little_box
Lair:1:   layout_cave_pods, lemuel_fruit_tree
Lair:2:   layout_regular_city, elwin_shoals_entry_rooms,
          guppyfry_snake_entry_garden, minmay_lair_oklob_chamber,
          grunt_megastairs_5, uniq_sonja
Lair:3:   layout_cave_shapes
Lair:4:   layout_regular_city
Lair:5:   layout_long_grid, lemuel_fruit_fields

Skill      XL: |  1  2  3  4  5  6  7  8  9 10 11 12 13 |
---------------+----------------------------------------+-----
Long Blades    | 2 |  2.3
Invocations    | 2 3 4 7 8 9 10 | 10.0
Spellcasting   | 1 3 4 5 6 8 9 10 11 12 | 12.0
Fighting       | 4 5 8 9 11 | 11.0
Armour         | 4 5 6 |  6.4
Dodging        | 5 |  5.8

Action                   |  1- 3 |  4- 6 |  7- 9 | 10-12 | 13-15 || total
-------------------------+-------+-------+-------+-------+-------++-------
Melee: Falchion          |    43 |       |       |    13 |     4 ||    60
       Spear             |       |     6 |       |     3 |       ||     9
 Cast: Shock             |    61 |    87 |   177 |    95 |     9 ||   429
       Searing Ray       |       |    31 |    54 |    39 |    16 ||   140
       Fireball          |       |       |       |    88 |    83 ||   171
       Freezing Cloud    |       |       |       |       |     6 ||     6
Invok: Depart the Abyss  |     1 |       |       |       |       ||     1
       Bend Space        |       |       |     2 |       |     3 ||     5
       Banish            |       |       |       |       |     1 ||     1
  Use: Scroll            |       |       |    15 |     5 |     1 ||    21
       Potion            |       |       |       |     1 |       ||     1
Armor: Leather armour    |    20 |    16 |    10 |       |       ||    46
       Acid dragon scale |       |       |       |    13 |    14 ||    27
Dodge: Dodged            |    46 |    35 |    71 |    53 |    37 ||   242
       Rpst.: Falchion   |    14 |     3 |       |    13 |     7 ||    37

Table legend: (Time is in decaauts)
 A = Elapsed time spent in this place.
 B = Non-inter-level travel time spent in this place.
 C = Inter-level travel time spent in this place.
 D = Time resting spent in this place.
 E = Time spent auto-exploring this place.
 F = Levels seen in this place.
 G = Mean time per level.
                   A        B        C        D        E       F      G
               +--------+--------+--------+--------+--------+-----+--------+
         Total |  23020 |  21221 |   1799 |   5719 |  12268 |  15 | 1534.7 |
       Dungeon |  15812 |  14602 |   1210 |   3487 |   8899 |   9 | 1756.9 |
          Lair |   7174 |   6585 |    589 |   2232 |   3347 |   5 | 1434.8 |
         Abyss |     34 |     34 |      0 |      0 |     22 |   1 |   34.0 |
               +--------+--------+--------+--------+--------+-----+--------+

Top non-repeatable levels by time:
     D:6: 2454 daAuts
     D:1: 2336 daAuts
     D:5: 2063 daAuts
     D:3: 2037 daAuts
  Lair:2: 2017 daAuts
     D:8: 1929 daAuts
  Lair:4: 1894 daAuts
     D:2: 1473 daAuts
     D:4: 1418 daAuts
  Lair:3: 1371 daAuts
  Lair:1: 1308 daAuts
     D:7: 1117 daAuts
     D:9: 981 daAuts
  Lair:5: 583 daAuts
 Abyss:1: 34 daAuts
